| TOP OF THE 1ST |
|
Fresno Grizzlies batting - Pitching for Stockton Mariners : RHP Gregorio Soto
|
|
Pitching: RHP Gregorio Soto
|
|
|
Batting: RHB Mike Jirschele
|
0-0: Swinging Strike 0-1: Foul Ball, location: 2F 0-2: Foul Ball, location: 2F 0-2: Foul Ball, location: 2F 0-2: SINGLE (Groundball, 56D, EV 94.4 MPH)
|
|
Batting: LHB Roger Hill
|
0-0: Ball Mike Jirschele steals 2nd base 1-0: Called Strike 1-1: Ball 2-1: Swinging Strike 2-2: Ball 3-2: Foul Ball, location: 2F 3-2: Ground out 4-3 (Groundball, 4, EV 105.6 MPH) Mike Jirschele to third
|
|
Batting: RHB Chris Fernandez
|
0-0: Called Strike 0-1: Ball 1-1: Ball 2-1: Foul Ball, location: 2F 2-2: Ball 3-2: Foul Ball, location: 2F 3-2: Foul Ball, location: 2F 3-2: Fly out, F7 (Flyball, 78S, EV 80.0 MPH) Runner from 3rd tags up, SCORES, throw by LF
|
|
Batting: LHB Ron Oddo
|
0-0: Ball 1-0: Ball 2-0: Called Strike 2-1: Swinging Strike 2-2: SINGLE (Groundball, 4D, EV 94.4 MPH)
|
|
Batting: RHB Tom Johnson
|
0-0: Ball 1-0: Called Strike 1-1: Foul Ball, location: 2F 1-2: Strikes out swinging
|
| Top of the 1st over - 1 run, 2 hits, 0 errors, 1 left on base; Fresno 1 - Stockton 0 |
| BOTTOM OF THE 1ST |
|
Stockton Mariners batting - Pitching for Fresno Grizzlies : RHP Kevin Teate
|
|
Pitching: RHP Kevin Teate
|
|
|
Batting: LHB Ricky Nelson
|
0-0: Ball 1-0: Ball 2-0: Called Strike 2-1: DOUBLE (Flyball, 8RXD, EV 107.5 MPH)
|
|
Batting: LHB David Lanning
|
0-0: Ball 1-0: Called Strike 1-1: Ball 2-1: Ball 3-1: Base on Balls
|
|
Batting: SHB Eddie Tanner
|
0-0: Ground out U3 (Groundball, 13, EV 78.1 MPH) Ricky Nelson to third David Lanning to second
|
|
Batting: LHB David Cawthon
|
0-0: Called Strike 0-1: Ball 1-1: Swinging Strike 1-2: Strikes out swinging
|
|
Batting: RHB Orlando Mercado
|
0-0: Foul Ball, location: 2F 0-1: Ball 1-1: Fly out, F9 (Flyball, 9S, EV 93.1 MPH)
|
| Bottom of the 1st over - 0 runs, 1 hit, 0 errors, 2 left on base; Fresno 1 - Stockton 0 |
| TOP OF THE 2ND |
|
Fresno Grizzlies batting - Pitching for Stockton Mariners : RHP Gregorio Soto
|
|
Batting: RHB Mike King
|
0-0: Called Strike 0-1: Ball 1-1: Swinging Strike 1-2: Ball 2-2: Fly out, F9 (Line Drive, 9, EV 108.8 MPH)
|
|
Batting: RHB Ivan Mesa
|
0-0: Ground out 2-3 (Groundball, 13S, EV 62.5 MPH)
|
|
Batting: LHB Russ Aldrich
|
0-0: Ball 1-0: Fly out, F8 (Flyball, 8LXD, EV 91.9 MPH)
|
| Top of the 2nd over - 0 runs, 0 hits, 0 errors, 0 left on base; Fresno 1 - Stockton 0 |
| BOTTOM OF THE 2ND |
|
Stockton Mariners batting - Pitching for Fresno Grizzlies : RHP Kevin Teate
|
|
Batting: LHB Joe Perna
|
0-0: Ball 1-0: Ball 2-0: Swinging Strike 2-1: Ball 3-1: Base on Balls
|
|
Batting: RHB William Butler
|
0-0: Swinging Strike 0-1: Ball 1-1: Foul Ball, location: 2F 1-2: Ball 2-2: Fly out, F8 (Line Drive, 8RD, EV 94.4 MPH)
|
|
Batting: LHB Victor Gavidia
|
0-0: Swinging Strike 0-1: Ball 1-1: Foul Ball, location: 2F 1-2: Strikes out swinging
|
|
Batting: RHB Brian Greer
|
0-0: Called Strike 0-1: Called Strike 0-2: Strikes out looking
|
| Bottom of the 2nd over - 0 runs, 0 hits, 0 errors, 1 left on base; Fresno 1 - Stockton 0 |
| TOP OF THE 3RD |
|
Fresno Grizzlies batting - Pitching for Stockton Mariners : RHP Gregorio Soto
|
|
Batting: RHB Emilio Carrasquel
|
0-0: Called Strike 0-1: Ball 1-1: Called Strike 1-2: Ball 2-2: Strikes out swinging
|
|
Batting: RHB Mike Jirschele
|
0-0: Swinging Strike 0-1: Ball 1-1: Ball 2-1: Foul Ball, location: 2F 2-2: Strikes out swinging, 2-3 out at first.
|
|
Batting: LHB Roger Hill
|
0-0: Called Strike 0-1: Swinging Strike 0-2: Strikes out swinging
|
| Top of the 3rd over - 0 runs, 0 hits, 0 errors, 0 left on base; Fresno 1 - Stockton 0 |
| BOTTOM OF THE 3RD |
|
Stockton Mariners batting - Pitching for Fresno Grizzlies : RHP Kevin Teate
|
|
Batting: LHB Ricky Nelson
|
0-0: Ball 1-0: Ball 2-0: Foul Ball, location: 2F 2-1: Called Strike 2-2: Fly out, F8 (Flyball, 8RD, EV 101.9 MPH)
|
|
Batting: LHB David Lanning
|
0-0: Fly out, F6 (Popup, 6M, EV 61.3 MPH)
|
|
Batting: SHB Eddie Tanner
|
0-0: Ball 1-0: Foul Ball, location: 2F 1-1: DOUBLE (Line Drive, 3D, EV 103.8 MPH)
|
|
Batting: LHB David Cawthon
|
0-0: Single, Error in OF, E8, batter to second base (Groundball, 4MD, EV 96.9 MPH) Eddie Tanner scores
|
|
Batting: RHB Orlando Mercado
|
0-0: Swinging Strike 0-1: Called Strike 0-2: Fly out, F8 (Line Drive, 8LD, EV 90.6 MPH)
|
| Bottom of the 3rd over - 1 run, 2 hits, 1 error, 1 left on base; Fresno 1 - Stockton 1 |
| TOP OF THE 4TH |
|
Fresno Grizzlies batting - Pitching for Stockton Mariners : RHP Gregorio Soto
|
|
Batting: RHB Chris Fernandez
|
0-0: Ball 1-0: Ground out 6-3 (Groundball, 6, EV 81.9 MPH)
|
|
Batting: LHB Ron Oddo
|
0-0: Ball 1-0: Called Strike 1-1: Swinging Strike 1-2: DOUBLE (Groundball, 5L, EV 96.9 MPH)
|
|
Batting: RHB Tom Johnson
|
0-0: Ball 1-0: Ball 2-0: Fly out, F4 (Line Drive, 4, EV 73.1 MPH)
|
|
Batting: RHB Mike King
|
0-0: Called Strike 0-1: Swinging Strike 0-2: Ball 1-2: Ball 2-2: Ball 3-2: Foul Ball, location: 2F 3-2: Foul Ball, location: 2F 3-2: Base on Balls
|
|
Batting: RHB Ivan Mesa
|
0-0: Fielders Choice at 2nd, 6-4 (Groundball, 6, EV 100.6 MPH)
|
| Top of the 4th over - 0 runs, 1 hit, 0 errors, 2 left on base; Fresno 1 - Stockton 1 |
| BOTTOM OF THE 4TH |
|
Stockton Mariners batting - Pitching for Fresno Grizzlies : RHP Kevin Teate
|
|
Batting: LHB Joe Perna
|
0-0: SINGLE (Groundball, 34D, EV 100.6 MPH)
|
|
Batting: RHB William Butler
|
0-0: Called Strike 0-1: Ball 1-1: DOUBLE (Line Drive, 78XD, EV 103.8 MPH) Joe Perna to third
|
|
Batting: LHB Victor Gavidia
|
0-0: Ball 1-0: Fly out, F8 (Flyball, 78D, EV 103.1 MPH)
|
|
Batting: RHB Brian Greer
|
0-0: Called Strike 0-1: Ball 1-1: Foul Ball, location: 2F 1-2: Foul Ball, location: 2F 1-2: Ball 2-2: Fly out, F8 (Flyball, 8LM, EV 92.5 MPH) Runner from 3rd tags up, OUT at HOME! 8-2
|
| Bottom of the 4th over - 0 runs, 2 hits, 0 errors, 1 left on base; Fresno 1 - Stockton 1 |
| TOP OF THE 5TH |
|
Fresno Grizzlies batting - Pitching for Stockton Mariners : RHP Gregorio Soto
|
|
Batting: LHB Russ Aldrich
|
0-0: Swinging Strike 0-1: Ball 1-1: Ball 2-1: Ball 3-1: Foul Ball, location: 2F 3-2: Fly out, F6 (Popup, 15S, EV 81.9 MPH)
|
|
Batting: RHB Emilio Carrasquel
|
0-0: Called Strike 0-1: Ball 1-1: Ball 2-1: Ball 3-1: Base on Balls
|
|
Batting: RHB Mike Jirschele
|
0-0: Ball 1-0: Ball 2-0: Ball 3-0: Base on Balls Emilio Carrasquel to second
|
|
Batting: LHB Roger Hill
|
0-0: Ball 1-0: Ball 2-0: Ball 3-0: Base on Balls Emilio Carrasquel to third Mike Jirschele to second
|
|
Batting: RHB Chris Fernandez
|
0-0: Ball 1-0: Foul Ball, location: 2F 1-1: Foul Ball, location: 2F 1-2: Ball 2-2: Foul Ball, location: 2F 2-2: Ball 3-2: Foul Ball, location: 2F 3-2: Foul Ball, location: 2F 3-2: Strikes out swinging
|
|
Batting: LHB Ron Oddo
|
0-0: Ball 1-0: Called Strike 1-1: Fielders Choice at 2nd, 6-4 (Groundball, 6, EV 84.4 MPH)
|
| Top of the 5th over - 0 runs, 0 hits, 0 errors, 3 left on base; Fresno 1 - Stockton 1 |
| BOTTOM OF THE 5TH |
|
Stockton Mariners batting - Pitching for Fresno Grizzlies : RHP Kevin Teate
|
|
Batting: LHB Ricky Nelson
|
0-0: Foul Ball, location: 2F 0-1: Ball 1-1: Called Strike 1-2: Ball 2-2: Foul Ball, location: 2F 2-2: Ball 3-2: Base on Balls
|
|
Batting: LHB David Lanning
|
0-0: Ball Ricky Nelson is caught stealing 2nd base 2-6 1-0: Foul Ball, location: 2F 1-1: Foul Ball, location: 2F 1-2: Ball 2-2: Strikes out swinging
|
|
Batting: SHB Eddie Tanner
|
0-0: Ball 1-0: Swinging Strike 1-1: Ball 2-1: Swinging Strike 2-2: Fly out, F7 (Line Drive, 7, EV 91.9 MPH)
|
| Bottom of the 5th over - 0 runs, 0 hits, 0 errors, 0 left on base; Fresno 1 - Stockton 1 |
| TOP OF THE 6TH |
|
Fresno Grizzlies batting - Pitching for Stockton Mariners : RHP Gregorio Soto
|
|
Batting: RHB Tom Johnson
|
0-0: Ground out 4-3 (Groundball, 4M, EV 92.5 MPH)
|
|
Batting: RHB Mike King
|
0-0: Ball 1-0: Ball 2-0: Ball 3-0: Base on Balls
|
|
Batting: RHB Ivan Mesa
|
0-0: Ball 1-0: Foul Ball, location: 2F 1-1: Ball 2-1: Foul Ball, location: 2F 2-2: Ground out 2-3 (Groundball, 2R, EV 70.0 MPH) Mike King to second
|
|
Batting: LHB Russ Aldrich
|
0-0: Called Strike 0-1: Called Strike 0-2: Ball 1-2: Ground out 4-3 (Groundball, 34D, EV 80.6 MPH)
|
| Top of the 6th over - 0 runs, 0 hits, 0 errors, 1 left on base; Fresno 1 - Stockton 1 |
| BOTTOM OF THE 6TH |
|
Stockton Mariners batting - Pitching for Fresno Grizzlies : RHP Kevin Teate
|
|
Batting: LHB David Cawthon
|
0-0: Ball 1-0: Called Strike 1-1: Called Strike 1-2: Ball 2-2: Fly out, F8 (Flyball, 8RXD, EV 86.9 MPH)
|
|
Batting: RHB Orlando Mercado
|
0-0: Called Strike 0-1: Called Strike 0-2: Strikes out looking
|
|
Batting: LHB Joe Perna
|
0-0: Foul Ball, location: 2F 0-1: Called Strike 0-2: Ball 1-2: Ball 2-2: Strikes out swinging
|
| Bottom of the 6th over - 0 runs, 0 hits, 0 errors, 0 left on base; Fresno 1 - Stockton 1 |
| TOP OF THE 7TH |
|
Fresno Grizzlies batting - Pitching for Stockton Mariners : RHP Gregorio Soto
|
|
Batting: RHB Emilio Carrasquel
|
0-0: Ball 1-0: Swinging Strike 1-1: Foul Ball, location: 2F 1-2: Ground out 5-3 (Groundball, 56S, EV 83.8 MPH)
|
|
Batting: RHB Mike Jirschele
|
0-0: Ball 1-0: SINGLE (Groundball, 5S, EV 67.5 MPH) (infield hit)
|
|
Batting: LHB Roger Hill
|
0-0: Called Strike 0-1: Fly out, F9 (Flyball, 89M, EV 90.6 MPH)
|
|
Batting: RHB Chris Fernandez
|
0-0: Called Strike 0-1: Called Strike 0-2: Ball 1-2: Foul Ball, location: 2F 1-2: Strikes out looking
|
| Top of the 7th over - 0 runs, 1 hit, 0 errors, 1 left on base; Fresno 1 - Stockton 1 |
| BOTTOM OF THE 7TH |
|
Stockton Mariners batting - Pitching for Fresno Grizzlies : RHP Kevin Teate
|
|
Batting: RHB William Butler
|
0-0: Ground out 6-3 (Groundball, 6, EV 82.5 MPH)
|
|
Pitching: RHP Larry Wright
|
|
|
Batting: LHB Victor Gavidia
|
0-0: Swinging Strike 0-1: Ball 1-1: SINGLE (Flyball, 9LS, EV 92.5 MPH)
|
|
Batting: RHB Brian Greer
|
0-0: Ball 1-0: Grounds into double play, 6-4-3 (Groundball, 6, EV 109.4 MPH)
|
| Bottom of the 7th over - 0 runs, 1 hit, 0 errors, 0 left on base; Fresno 1 - Stockton 1 |
| TOP OF THE 8TH |
|
Fresno Grizzlies batting - Pitching for Stockton Mariners : RHP Gregorio Soto
|
|
Batting: LHB Ron Oddo
|
0-0: Ball 1-0: Ball 2-0: Swinging Strike 2-1: Called Strike 2-2: Ball 3-2: Ground out 5-3 (Groundball, 5, EV 101.9 MPH)
|
|
Pitching: RHP Kevin Hagen
|
|
|
Batting: RHB Tom Johnson
|
0-0: Called Strike 0-1: Swinging Strike 0-2: Ball 1-2: Ball 2-2: Ball 3-2: Base on Balls
|
|
Batting: RHB Mike King
|
0-0: Called Strike 0-1: Ball 1-1: Ball 2-1: Foul Ball, location: 2F 2-2: Ground out 5-3 (Groundball, 56S, EV 82.5 MPH) Tom Johnson to second
|
|
Batting: RHB Ivan Mesa
|
0-0: Ball 1-0: Called Strike 1-1: Called Strike 1-2: Ball 2-2: Fly out, F4 (Popup, 3S, EV 74.4 MPH)
|
| Top of the 8th over - 0 runs, 0 hits, 0 errors, 1 left on base; Fresno 1 - Stockton 1 |
| BOTTOM OF THE 8TH |
|
Stockton Mariners batting - Pitching for Fresno Grizzlies : RHP Larry Wright
|
|
Batting: LHB Ricky Nelson
|
0-0: Called Strike 0-1: Foul Ball, location: 2F 0-2: Ground out 4-3 (Groundball, 4, EV 101.9 MPH)
|
|
Batting: LHB David Lanning
|
0-0: SINGLE (Line Drive, 6D, EV 96.9 MPH)
|
|
Batting: SHB Eddie Tanner
|
0-0: Ball 1-0: Foul Ball, location: 2F 1-1: Ball 2-1: TRIPLE (Flyball, 78XD, EV 109.4 MPH) David Lanning scores
|
|
Batting: LHB David Cawthon
|
0-0: Called Strike 0-1: Ball 1-1: Ball 2-1: DOUBLE (Groundball, 3L, EV 102.5 MPH) Eddie Tanner scores
|
|
Batting: RHB Orlando Mercado
|
0-0: Ball 1-0: Called Strike 1-1: Ground out 3-1 (Groundball, 34, EV 113.1 MPH) David Cawthon to third
|
|
Batting: LHB Joe Perna
|
0-0: Intentional Walk
|
|
Batting: RHB William Butler
|
0-0: Ball 1-0: Ball 2-0: Foul Ball, location: 2F 2-1: Foul Ball, location: 2F 2-2: Fly out, F4 (Flyball, 34D, EV 76.3 MPH)
|
| Bottom of the 8th over - 2 runs, 3 hits, 0 errors, 2 left on base; Fresno 1 - Stockton 3 |
| TOP OF THE 9TH |
|
Fresno Grizzlies batting - Pitching for Stockton Mariners : RHP Kevin Hagen
|
|
Pitching: LHP Robert Alsup
|
|
|
Now at 2B: Paul Plinski
|
|
|
Now in RF: Marty Pevey
|
|
|
Batting: LHB Russ Aldrich
|
0-0: Called Strike 0-1: Foul Ball, location: 2F 0-2: Fly out, F7 (Flyball, 7LS, EV 93.8 MPH)
|
|
Batting: RHB Emilio Carrasquel
|
0-0: Ball 1-0: Foul Ball, location: 2F 1-1: Ball 2-1: Ground out 4-3 (Groundball, 4M, EV 77.5 MPH)
|
|
Batting: RHB Mike Jirschele
|
0-0: Ball 1-0: Foul Ball, location: 2F 1-1: Ball 2-1: Foul Ball, location: 2F 2-2: Ball 3-2: Ground out 3-1 (Groundball, 34S, EV 88.8 MPH)
|
| Top of the 9th over - 0 runs, 0 hits, 0 errors, 0 left on base; Fresno 1 - Stockton 3 |
|